 Dungeon Crawl Stone Soup version 0.23.1-37-gaa34b87 (webtiles) character file.

Game seed: 14968886328031529970

109 dhn the Skirmisher (level 4, -2/40 HPs)
             Began as a Minotaur Fighter on Mar 26, 2019.
             Slain by a gnoll
             ... wielding a +0 halberd
              (7 damage)
             ... on level 3 of the Dungeon.
             The game lasted 00:01:47 (1487 turns).

dhn the Skirmisher (Minotaur Fighter)               Turns: 1487, Time: 00:01:47

Health: -2/40      AC:  7    Str: 21    XL:     4   Next: 59%
Magic:  3/3        EV:  8    Int:  5    God:
Gold:   171        SH:  9    Dex: 10    Spells: 3/3 levels left

rFire    . . .     SeeInvis .   a - +0 war axe
rCold    . . .     Gourm    .   c - +0 shield
rNeg     . . .     Faith    .   b - +0 scale mail
rPois    .         Spirit   .   (helmet restricted)
rElec    .         Reflect  .   g - scarf {cloud immunity}
rCorr    .         Harm     .   (no gloves)
MR       .....                  (no boots)
Stlth    ..........             (no amulet)
HPRegen  0.13/turn              (no ring)
MPRegen  0.08/turn              (no ring)

@: no status effects
A: retaliatory headbutt, horns 2
a: no special abilities


You were on level 3 of the Dungeon.
You were not hungry.

You visited 1 branch of the dungeon, and saw 3 of its levels.

You collected 171 gold pieces.

Inventory:

Hand Weapons
 a - a +0 war axe (weapon)
Armour
 b - a +0 scale mail (worn)
 c - a +0 shield (worn)
 g - a scarf of cloud immunity (worn)
Jewellery
 k - an uncursed ring of wizardry
Wands
 m - a wand of digging (2)
Scrolls
 h - 3 scrolls of identify {unknown}
 i - a scroll of blinking {unknown}
Potions
 d - a potion of might
 e - a potion of mutation {unknown}
 j - a potion of lignification {unknown}
 l - a potion of invisibility {unknown}
Comestibles
 f - 2 rations


   Skills:
 + Level 4.3 Fighting
 + Level 3.8 Axes
 + Level 4.2 Armour
 + Level 1.4 Dodging
 + Level 4.3 Shields


You had 3 spell levels left.
You didn't know any spells.
Your spell library was empty.

Dungeon Overview and Level Annotations

Branches:
Dungeon (3/15)

Altars:
Okawaru
Zin


Innate Abilities, Weirdness & Mutations

You reflexively headbutt those who attack you in melee.
You have a pair of horns on your head.


Message History

The gnoll hits you from afar with a +0 spear.
You block the gnoll's attack. The gnoll barely misses you.
Unknown command.
You block the gnoll's attack. The gnoll hits you with a +0 spear!
You see here a +0 spear.
You hit the gnoll but do no damage. You closely miss the gnoll.
You block the gnoll's attack. The gnoll hits you but does no damage.
Your scale mail prevents you from hitting the gnoll.
You headbutt the gnoll.
The gnoll is heavily wounded.
You hit the gnoll but do no damage. You block the gnoll's attack.
The gnoll barely misses you.
You hit the gnoll.
The gnoll is heavily wounded.
You closely miss the gnoll. The gnoll hits you with a +0 spear!
* * * LOW HITPOINT WARNING * * *
The gnoll closely misses you. The gnoll hits you with a +0 spear.
* * * LOW HITPOINT WARNING * * *
The gnoll hits you from afar with a +0 halberd!
You die...

..##....# #..######
#....#..# #........
####.##.###..# # #
#.##......# .# #
#.####.##.# #####.#
.
.#.....##)###.....#
#
###.#####..##.g...#
..#
##..........)...#
##.#
.###....##@.g..#
#.#####.....# #.
###.#.# #. .#.# #
.# # .# .#


You could see 2 gnolls.

Vanquished Creatures
  2 gnolls (D:3)
  An adder (D:2)
  2 oozes (D:2)
  2 worms (D:2)
  5 dart slugs
  3 leopard geckos
  9 bats
  4 giant cockroaches
  3 goblins
  6 hobgoblins
  2 jackals (D:2)
  6 frilled lizards
  6 kobolds
  4 rats
55 creatures vanquished.

Vanquished Creatures (others)
  A goblin (D:2)
1 creature vanquished.

Grand Total: 56 creatures vanquished

Notes
Turn   | Place    | Note
-------+----------+-------------------------------------------
     0 | D:1      | dhn the Minotaur Fighter began the quest for the Orb.
     0 | D:1      | Reached XP level 1. HP: 19/19 MP: 0/0
    74 | D:1      | Reached XP level 2. HP: 13/27 MP: 1/1
   439 | D:1      | Reached XP level 3. HP: 33/33 MP: 2/2
   983 | D:2      | Reached XP level 4. HP: 40/40 MP: 3/3
  1032 | D:2      | Found an iron altar of Okawaru.
  1421 | D:3      | Reached skill level 1 in Dodging
  1435 | D:3      | Found a glowing silver altar of Zin.
  1487 | D:3      | Slain by a gnoll

Skill      XL: |  1  2  3  4 |
---------------+-------------+-----
Shields        | 4 |  4.3
Fighting       | 4 |  4.3
Axes           | 3 |  3.8
Armour         | 4 |  4.2
Dodging        | 1 |  1.4

Action                   |  1- 3 |  4- 6 || total
-------------------------+-------+-------++-------
Melee: War axe           |    83 |    46 ||   129
       Headbutt          |     7 |    11 ||    18
  Eat: Chunk             |       |     2 ||     2
Armor: Scale mail        |    35 |    14 ||    49
Dodge: Dodged            |    29 |    21 ||    50
Block: Shield            |    53 |    38 ||    91
